cohdb
Replays
Latest Replays
All Replays
Popular Replays
Top Player Replays
Match Explorer
How It Works
Community
CoH3 Stats
Reddit
Sign in to upload your games and track your stats! →
Sign in with Steam
Match 45458540
Unlisted
Match 45458540
Overview
Messages
Build Orders
End
Panzergrenadier Squad
Selects Armored Support Battlegroup
Panzergrenadier Squad
Panzergrenadier Squad
Construct Light Support Kompanie
2.5-tonne Medical Truck
Panzerjäger Squad
Fire Support Elements
Pak 38 Mechanized Group
Combat Half-tracks
Selects Veteran Gunners
Flakvierling Half-track
Selects Flammpanzer III Medium Tank
Flammpanzer III Medium Tank
2.5-tonne Medical Truck
Construct Panzerarmee Kommand
Pak 38 Mechanized Group
Selects Vehicle Awareness
Selects Panzer Storm
Selects Stuka Anti-tank Loiter
Panzer III L Medium Tank
Panzer III L Medium Tank
MillenniumKnight
DireRadiant
八坂真崎
绝地哈马斯
0
0
Comments
sign in to comment!
No comments posted yet!